 Dungeon Crawl Stone Soup version 0.27-a0-1149-g4505690ab0 (webtiles) character file.

Game seed: 1799206134677828731

136 chippings the Grave Robber (level 4, -4/33 HPs)
             Began as a Mummy Necromancer on May 13, 2021.
             Slain by a yak (14 damage)
             ... on level 5 of the Dungeon.
             The game lasted 00:07:16 (3545 turns).

chippings the Grave Robber (Mummy Necromancer)      Turns: 3545, Time: 00:07:17

Health: -4/33      AC:  3    Str: 11    XL:     4   Next: 98%
Magic:  19/19      EV: 12    Int: 15    God:
Gold:   124        SH:  0    Dex: 12    Spells: 3/11 levels left

rFire    x . .     SeeInvis .   e - +3 short sword (venom)
rCold    + . .     Faith    .   (no shield)
rNeg     + + +     Spirit   .   a - +0 robe
rPois    ∞         Reflect  .   (no helmet)
rElec    .         Harm     .   j - +0 cloak
rCorr    .         Rampage  .   (no gloves)
Will     .....                  (no boots)
Stlth    ++........             (no amulet)
HPRegen  0.11/turn              h - ring of magical power
MPRegen  0.16/turn              (no ring)

@: no status effects
A: cold resistance 1, negative energy resistance 3, torment resistance 2, heat
vulnerability 1, no potions
a: no special abilities


You were on level 5 of the Dungeon.
You visited 1 branch of the dungeon, and saw 4 of its levels.

You collected 124 gold pieces.

Inventory:

Hand Weapons
 c - a +0 antimagic dagger
 e - a +3 short sword of venom (weapon)
 f - a +1 spear of venom
 g - a +0 glaive
Armour
 a - a +0 robe (worn)
 j - a +0 cloak (worn)
Magical Staves
 d - a staff of conjuration
Jewellery
 h - a ring of magical power (left hand)
Scrolls
 b - a scroll of enchant armour
 l - a scroll of identify


   Skills:
 + Level 1.8 Fighting
 * Level 1.3 Short Blades
 - Level 1.5 Dodging
 - Level 1.5 Stealth
 + Level 4.2 Spellcasting
 + Level 4.8 Necromancy


You had 3 spell levels left.
You knew the following spells:

 Your Spells              Type           Power      Damage    Failure   Level
a - Animate Dead          Necr           8%         N/A       24%         4
b - Animate Skeleton      Necr           34%        N/A       2%          1
c - Vampiric Draining     Necr           8%         2d7       8%          3

Your spell library contained the following spells:

 Spells                   Type           Power      Damage    Failure   Level
 Pain                     Necr           68%        1d7       2%          1
 Agony                    Necr           17%        N/A       56%         5


Dungeon Overview and Level Annotations

Branches:
Dungeon (3/15)

Altars:


Innate Abilities, Weirdness & Mutations

You are immune to poison.
Your flesh is cold resistant. (rC+)
You are immune to negative energy. (rN+++)
You are immune to unholy pain and torment.
You are vulnerable to heat. (rF-)
You do not drink.


Message History

The adder skeleton bites you but does no damage.
You hit the adder skeleton.
The adder skeleton is almost destroyed.
The adder skeleton closely misses you.
You hit the adder skeleton.
You destroy the adder skeleton!
Drop what? 11/52 slots (_ for help) (? for menu, Esc to quit)
You drop a +0 mace.
You open the door.
Found 9 gold pieces.
There is an open door here.
Okay, then.
You now have 124 gold pieces (gained 9).
Okay, then.
You hear the slow rusting of a distant drain.
This spell is extremely dangerous to cast!
Memorise Animate Dead, consuming 4 spell levels and leaving 3?
You start memorising the spell.
You continue memorising. x4
You finish memorising.
Spell assigned to 'a'.
There is an open door here.
There is an open door here.
An orc comes into view.
It is wielding a +0 morningstar. 2 yaks come into view.
A yak comes into view. 2 yaks and an orc come into view.
The yak bellows! x3; You hear a shout!
The orc shouts!
The yak bellows!
You see here a dark potion.
You open the door.
There is an open door here.
There is an open door here.
There is an open door here.
You hear the slow rusting of a distant drain.
The yak gores you!
Ouch! That really hurt!
Okay, then.
The yak gores you. The yak misses you. The yak misses you. The yak gores you!
You die...

#....#.....#.....##..#
##+#
#....#.....####..##..#
#....#....##.##..##..#
##...#....+...#..#...#
#....#....#...'..#...#
#....#....#.###..#####
###############o.#######
#........YYY......#
#.......@.Y.......#
#.....##.........#
#.....##....######
#.....##....#
#......#....#
#......#....#
#############


You could see 4 yaks and an orc.

Vanquished Creatures
  An orc wizard (D:3)
  An adder (D:2)
  An adder skeleton (D:5)
  3 dart slugs
  3 orcs
  13 endoplasms
  2 giant cockroaches
  13 goblins
  6 hobgoblins
  6 jackals
  12 kobolds
  3 quokkas
  6 ball pythons
  2 bats (D:1)
  5 frilled lizards
  3 rats
80 creatures vanquished.

Notes
Turn   | Place    | Note
-------+----------+-------------------------------------------
     0 | D:1      | chippings the Mummy Necromancer began the quest for the
                  | Orb.
     0 | D:1      | Reached XP level 1. HP: 13/13 MP: 4/4
   318 | D:1      | Reached XP level 2. HP: 9/19 MP: 3/6
  1354 | D:1      | Reached XP level 3. HP: 24/25 MP: 8/8
  1356 | D:1      | Learned a level 1 spell: Animate Skeleton
  1361 | D:1      | Learned a level 3 spell: Vampiric Draining
  1501 | D:1      | Reached skill level 1 in Fighting
  2479 | D:2      | Reached XP level 4. HP: 27/32 MP: 9/9
  3137 | D:3      | Reached skill level 1 in Short Blades
  3379 | D:3      | You fall into a shaft and drop 2 floors!
  3379 | D:5      | Entered Level 5 of the Dungeon
  3489 | D:5      | Learned a level 4 spell: Animate Dead
  3510 | D:5      | Noticed a yak
  3510 | D:5      | Noticed a yak
  3511 | D:5      | Noticed a yak
  3512 | D:5      | Noticed a yak
  3512 | D:5      | Noticed a yak
  3545 | D:5      | Slain by a yak

Illustrated notes

Levels and vault maps discovered:
D:1:      matt_arrival_diagonals, layout_loops_ring, corner_web_ring,
          minmay_tiny_reverse_x
D:2:      layout_rooms
D:3:      layout_rooms, hellmonk_ecumenical_altar_inner_sanctum,
          minmay_fractal_squares_diagonal_5
D:5:      layout_gridville, serial_shops, nicolae_shop_statue_plus,
          gup_sewer_entry_bowl, uniq_sigmund, uniq_ijyb

Skill      XL: |  1  2  3  4 |
---------------+-------------+-----
Spellcasting   | 3 4 |  4.2
Fighting       | 1 |  1.8
Short Blades   | 1 |  1.3
Dodging        | |  1.5
Stealth        | |  1.5
Necromancy     | |  4.8

Action                   |  1- 3 |  4- 6 || total
-------------------------+-------+-------++-------
Melee: Dagger            |    55 |       ||    55
       Short sword       |    19 |    75 ||    94
       Mace              |    14 |       ||    14
 Cast: Pain              |    50 |       ||    50
       Vampiric Draining |     7 |     3 ||    10
  Use: Scroll            |       |     8 ||     8
 Stab: Sleeping          |     1 |       ||     1
Armor: Robe              |    23 |    12 ||    35
Dodge: Dodged            |    81 |    44 ||   125

Table legend: (Time is in decaauts)
 A = Elapsed time spent in this place.
 B = Non-inter-level travel time spent in this place.
 C = Inter-level travel time spent in this place.
 D = Time resting spent in this place.
 E = Time spent auto-exploring this place.
 F = Levels seen in this place.
 G = Mean time per level.
                   A        B        C        D        E       F      G
               +--------+--------+--------+--------+--------+-----+--------+
         Total |   3556 |   3527 |     29 |    212 |   2354 |   4 |  889.0 |
       Dungeon |   3556 |   3527 |     29 |    212 |   2354 |   4 |  889.0 |
               +--------+--------+--------+--------+--------+-----+--------+

Top non-repeatable levels by time:
     D:1: 1729 daAuts
     D:2: 1436 daAuts
     D:3: 225 daAuts
     D:5: 166 daAuts
